[Event "Titled Tuesday Blitz June 27 Late 2023"]
[White "Sanchez, Robert"]
[Black "Hajiyev, Kanan"]
[WhiteFideId "2034360"]
[BlackFideId "13404148"]
[WhiteElo "2108"]
[BlackElo "2535"]
[Result "0-1"]
[Round "3"]
[TimeControl "180+2"]
[Date "2023.06.27"]
[WhiteClock "0:00:13"]
[BlackClock "0:00:06"]
[Board "134"]

1. e4 c6 2. Nf3 d5 3. Nc3 a6 4. exd5 cxd5 5. d4 Nc6 6. Bd3 Bg4 7. Be3 e6 8. h3 Bh5 9. O-O Nf6 10. Re1 Bb4 11. a3 Bxc3 12. bxc3 O-O 13. Rb1 Na5 14. g4 Bg6 15. Ne5 Rc8 16. Qd2 b5 17. h4 Nc4 18. Bxc4 dxc4 19. h5 Be4 20. f3 Ba8 21. Bg5 Qd5 22. Bxf6 gxf6 23. Qh6 Qd8 24. Re2 fxe5 25. Rxe5 Kh8 26. Rbe1 Rg8 27. g5 Bd5 28. f4 f6 29. g6 Rc7 30. R5e3 Qf8 31. Qxf8 Rxf8 32. f5 hxg6 33. fxg6 Kg7 34. Rxe6 Bxe6 35. Rxe6 Rh8 36. Rxa6 Rb7 37. a4 bxa4 38. Rxa4 Rc7 39. Ra5 Kh6 40. Kf2 Re8 41. Kf3 Rce7 42. d5 Re3+ 43. Kf4 Re2 44. d6 Rf2+ 45. Kg3 Rxc2 46. d7 Rd8 47. Rd5 Rxc3+ 48. Kf4 Rd3 49. Rc5 c3 50. Rc6 R8xd7 51. Rxf6 R7d4+ 52. Ke5 c2 53. Rf7 Kxh5 54. g7 Rd5+ 55. Ke4 R3d4+ 56. Ke3 Rg4 0-1


[Site "https://www.chess.com"]

[Event "Titled Tuesday Blitz June 27 Late 2023"]
[White "Aqib Javaid Butt"]
[Black "D`Arruda, Ricardo D."]
[WhiteFideId "7801262"]
[BlackFideId "100692"]
[WhiteElo "2034"]
[BlackElo "2534"]
[Result "0-1"]
[Round "3"]
[TimeControl "180+2"]
[Date "2023.06.27"]
[WhiteClock "0:00:14"]
[BlackClock "0:01:08"]
[Board "135"]

1. d4 Nf6 2. Nf3 e6 3. c4 d5 4. Nc3 Be7 5. Bg5 O-O 6. e3 c6 7. Bd3 Nbd7 8. O-O h6 9. Bh4 b6 10. b3 Bb7 11. e4 dxe4 12. Nxe4 Nxe4 13. Bxe7 Qxe7 14. Bxe4 Nf6 15. Bc2 c5 16. dxc5 Qxc5 17. Qe2 Rad8 18. Rad1 Qh5 19. Nd4 Qg5 20. f3 Qc5 21. Qf2 a6 22. Ne2 Qc7 23. Ng3 Rxd1 24. Rxd1 Rd8 25. Rxd8+ Qxd8 26. Qe3 Qd6 27. Qd3 Qc5+ 28. Kf1 g6 29. Ne2 Kg7 30. Qd4 Qc7 31. Qf4 e5 32. Qd2 e4 33. fxe4 Qxh2 34. Qd4 Qh1+ 35. Kf2 Qh4+ 36. Kf1 Kh7 37. e5 Qxd4 38. Nxd4 Ng4 39. e6 fxe6 40. Nxe6 Ne3+ 41. Ke2 Nxc2 42. Kd2 Nb4 43. Kc3 a5 44. a3 Nc6 45. b4 axb4+ 46. axb4 Kg8 47. b5 Ne7 48. Kd4 Bxg2 49. c5 bxc5+ 50. Kxc5 Kf7 51. Nc7 h5 52. b6 h4 53. Nb5 h3 54. b7 Bxb7 55. Nd6+ Kf6 0-1


[Site "https://www.chess.com"]

[Event "Titled Tuesday Blitz June 27 Late 2023"]
[White "Mekhitarian, Krikor Sevag"]
[Black "Torres Dominguez, David"]
[WhiteFideId "2107660"]
[BlackFideId "2220857"]
[WhiteElo "2855"]
[BlackElo "2108"]
[Result "1-0"]
[Round "3"]
[TimeControl "180+2"]
[Date "2023.06.27"]
[WhiteClock "0:01:51"]
[BlackClock "0:00:05"]
[Board "136"]

1. Nf3 d5 2. c4 e6 3. d4 Nf6 4. cxd5 exd5 5. Nc3 c6 6. Bf4 Bd6 7. Bxd6 Qxd6 8. e3 O-O 9. Qb3 Nbd7 10. Bd3 Re8 11. O-O Nf8 12. Rfe1 Rb8 13. Ne5 Ng4 14. f4 Qh6 15. h3 Nxe5 16. dxe5 Ng6 17. Qc2 Nh4 18. Qf2 g6 19. g4 g5 20. Rf1 gxf4 21. exf4 Bd7 22. Rae1 Ng6 23. Qg3 Qh4 24. Kh2 Qxg3+ 25. Kxg3 Re7 26. h4 Rbe8 27. h5 Nf8 28. b4 h6 29. a4 Ne6 30. a5 Bc8 31. Na4 Kg7 32. f5 f6 33. exf6+ Kxf6 34. fxe6+ Kg7 35. Bg6 Rf8 36. Rxf8 Kxf8 37. Bf5 Kg7 38. Nc5 b6 39. axb6 axb6 40. Nd7 1-0


[Site "https://www.chess.com"]

[Event "Titled Tuesday Blitz June 27 Late 2023"]
[White "Hambleton, Aman"]
[Black "Jiang, Andrew"]
[WhiteFideId "2606577"]
[BlackFideId "30953510"]
[WhiteElo "2702"]
[BlackElo "2445"]
[Result "1-0"]
[Round "3"]
[TimeControl "180+2"]
[Date "2023.06.27"]
[WhiteClock "0:00:03"]
[BlackClock "0:00:29"]
[Board "137"]

1. e4 e5 2. Nf3 Nc6 3. Bc4 Bc5 4. Bxf7+ Kxf7 5. Nxe5+ Nxe5 6. Qh5+ Ng6 7. Qd5+ Kf8 8. Qxc5+ d6 9. Qe3 Nf6 10. Nc3 Kf7 11. d3 Re8 12. O-O d5 13. Qg3 Be6 14. f4 dxe4 15. f5 Bxf5 16. Rxf5 exd3 17. cxd3 Qd4+ 18. Kh1 h6 19. Bxh6 gxh6 20. Raf1 Re6 21. Ne4 Rae8 22. Nxf6 R8e7 23. Nd5+ Ke8 24. Nxe7 Nxe7 25. Rf8+ Kd7 26. R8f4 Qxb2 27. Rc4 c6 28. Qh3 Qe2 29. Rg1 b5 30. Re4 1-0


[Site "https://www.chess.com"]

[Event "Titled Tuesday Blitz June 27 Late 2023"]
[White "Mirzoev, Azer"]
[Black "Carrasco Miranda, Andres"]
[WhiteFideId "13400304"]
[BlackFideId "3405990"]
[WhiteElo "2675"]
[BlackElo "2412"]
[Result "1-0"]
[Round "3"]
[TimeControl "180+2"]
[Date "2023.06.27"]
[WhiteClock "0:00:57"]
[BlackClock "0:00:02"]
[Board "138"]

1. c4 Nf6 2. Nc3 g6 3. e4 e5 4. Nf3 Bg7 5. d4 exd4 6. Nxd4 O-O 7. Bg5 h6 8. Bh4 Re8 9. f3 g5 10. Bf2 d5 11. cxd5 Nxd5 12. Bc4 Nxc3 13. bxc3 Nd7 14. O-O Ne5 15. Bb3 Ng6 16. Qc2 c5 17. Nf5 Bxf5 18. exf5 Nf4 19. Rad1 Qc7 20. Rfe1 c4 21. Ba4 Rxe1+ 22. Rxe1 Nd3 23. Re4 a6 24. Qd2 b5 25. Bc2 Rd8 26. Bd4 Bxd4+ 27. cxd4 Nf4 28. h4 c3 29. Qe3 Qc4 30. hxg5 hxg5 31. Bb3 Qd3 32. Re8+ Rxe8 33. Qxe8+ Kh7 34. Qxf7+ Kh6 35. Qf8+ Kh7 36. Bg8+ 1-0


[Site "https://www.chess.com"]

[Event "Titled Tuesday Blitz June 27 Late 2023"]
[White "Vaibhav Jayant Raut"]
[Black "Pinto, Daniel"]
[WhiteFideId "5089034"]
[BlackFideId "3303144"]
[WhiteElo "2626"]
[BlackElo "2402"]
[Result "1/2-1/2"]
[Round "3"]
[TimeControl "180+2"]
[Date "2023.06.27"]
[WhiteClock "0:00:31"]
[BlackClock "0:00:04"]
[Board "139"]

1. Nf3 c5 2. g3 Nc6 3. Bg2 g6 4. O-O Bg7 5. d3 e5 6. Nbd2 Nge7 7. e4 O-O 8. a4 f5 9. exf5 gxf5 10. Nh4 d5 11. c4 d4 12. f4 Be6 13. Ndf3 Ng6 14. Nxg6 hxg6 15. fxe5 Nxe5 16. Bf4 Nf7 17. Qd2 Qd7 18. b3 Rfe8 19. Rae1 Bf6 20. h4 Kg7 21. Re2 Nd6 22. Rfe1 Bf7 23. Ne5 Bxe5 24. Rxe5 Kh7 25. Bg5 Rxe5 26. Rxe5 Re8 27. Qf4 Rxe5 28. Qxe5 Qe6 29. Qf4 b6 30. Kh2 Ne8 31. Kh3 Qe2 32. Qf3 Qxf3 33. Bxf3 Be6 34. Kg2 Kg7 35. Bc6 Kf7 36. Kf3 Nf6 37. Bxf6 Kxf6 38. Kf4 Bf7 39. Bd5 Be8 40. g4 fxg4 41. Kxg4 Bd7+ 42. Kf4 a5 43. Bg2 Bf5 44. Be4 Bh3 45. Bf3 Bf1 46. Ke4 Ke6 47. Bg4+ Kd6 48. Bd1 Ke6 49. Bc2 Bg2+ 50. Kf4 Kf6 51. Bd1 Bf1 52. Ke4 Ke6 53. Bg4+ Kd6 54. Bf3 Ke6 55. h5 gxh5 56. Bxh5 Bg2+ 57. Kf4 Bf1 58. Ke4 Bg2+ 59. Kf4 Bf1 60. Ke4 1/2-1/2


[Site "https://www.chess.com"]

[Event "Titled Tuesday Blitz June 27 Late 2023"]
[White "Tologon tegin, Semetei"]
[Black "Topalov, Aleksandar"]
[WhiteFideId "13800574"]
[BlackFideId "925659"]
[WhiteElo "2530"]
[BlackElo "2387"]
[Result "1-0"]
[Round "3"]
[TimeControl "180+2"]
[Date "2023.06.27"]
[WhiteClock "0:01:14"]
[BlackClock "0:00:23"]
[Board "140"]

1. g3 Nf6 2. Bg2 g6 3. e4 d6 4. d4 Bg7 5. Nc3 O-O 6. Nge2 c5 7. O-O cxd4 8. Nxd4 Nc6 9. Nde2 a6 10. a4 Rb8 11. h3 b5 12. axb5 axb5 13. Be3 b4 14. Nd5 Nxd5 15. exd5 Ne5 16. Bd4 Nd7 17. Bxg7 Kxg7 18. Nd4 Bb7 19. Nc6 Bxc6 20. dxc6 Nc5 21. Ra7 Rb6 22. Re1 Ne6 23. Rd7 Qe8 24. Rxe6 fxe6 25. Qxd6 Kf7 26. h4 Kf6 27. Qd4+ e5 28. Qxb6 1-0


[Site "https://www.chess.com"]

[Event "Titled Tuesday Blitz June 27 Late 2023"]
[White "Prydun, Andriy"]
[Black "Dushyant Sharma"]
[WhiteFideId "14145898"]
[BlackFideId "25065130"]
[WhiteElo "2378"]
[BlackElo "2524"]
[Result "1-0"]
[Round "3"]
[TimeControl "180+2"]
[Date "2023.06.27"]
[WhiteClock "0:01:27"]
[BlackClock "0:00:45"]
[Board "141"]

1. e4 d5 2. exd5 Nf6 3. d4 Bg4 4. f3 Bf5 5. c4 c6 6. g4 Bg6 7. h4 h5 8. g5 Nfd7 9. Nc3 cxd5 10. Nxd5 Nc6 11. Nf4 Bf5 12. d5 Nb4 13. Nd3 Qa5 14. Bd2 Bxd3 15. a3 Qc7 16. Bxb4 Bxc4 17. Rc1 Qg3+ 18. Kd2 Qf4+ 19. Ke1 Qe3+ 20. Be2 Bxe2 21. Nxe2 Qxf3 22. Rf1 Qe4 23. Qd4 Qxd4 24. Nxd4 g6 25. Nb5 Kd8 26. Rxf7 a6 27. Nc7 Rb8 28. Bc3 Rg8 29. Bd4 Rc8 30. Ne6+ Ke8 31. Rxf8+ Nxf8 32. Rxc8+ Kd7 33. Rxf8 1-0


[Site "https://www.chess.com"]

[Event "Titled Tuesday Blitz June 27 Late 2023"]
[White "Rengifo Blancas, Renzo Jhonathan"]
[Black "Schuster, Karsten"]
[WhiteFideId "3807185"]
[BlackFideId "4611071"]
[WhiteElo "2494"]
[BlackElo "2351"]
[Result "1-0"]
[Round "3"]
[TimeControl "180+2"]
[Date "2023.06.27"]
[WhiteClock "0:01:13"]
[BlackClock "0:00:57"]
[Board "142"]

1. e4 d5 2. exd5 Qxd5 3. Nc3 Qd6 4. Bc4 Nf6 5. Nf3 c6 6. d4 Bg4 7. O-O e6 8. Be3 Qc7 9. h3 Bh5 10. g4 Bg6 11. Ne5 Nd5 12. Qf3 Nxc3 13. bxc3 Bxc2 14. Rfe1 Bd6 15. Bf4 O-O 16. Qg3 Rd8 17. Rac1 Bg6 18. h4 f6 19. Bxe6+ Kh8 20. Nxg6+ hxg6 21. Bxd6 Qxd6 22. Qxd6 Rxd6 23. Bf7 Kh7 24. Re8 Rd7 25. Bg8+ Kh6 26. Be6 Kh7 27. Bxd7 1-0


[Site "https://www.chess.com"]

[Event "Titled Tuesday Blitz June 27 Late 2023"]
[White "Luxama, Jacques Muller"]
[Black "Zavortink, Matt"]
[WhiteFideId "11900113"]
[BlackFideId "2034263"]
[WhiteElo "2231"]
[BlackElo "2486"]
[Result "1/2-1/2"]
[Round "3"]
[TimeControl "180+2"]
[Date "2023.06.27"]
[WhiteClock "0:00:12"]
[BlackClock "0:00:19"]
[Board "143"]

1. e4 c5 2. Nf3 e6 3. d4 cxd4 4. Nxd4 Nf6 5. Nc3 Nc6 6. Nxc6 bxc6 7. Bd3 d5 8. O-O Rb8 9. Re1 Be7 10. e5 Nd7 11. Qg4 g6 12. b3 Qa5 13. Bd2 Qc7 14. Qg3 a6 15. Na4 c5 16. c4 d4 17. h4 Bb7 18. h5 Bc6 19. Nb2 Nf8 20. Be4 Qb7 21. Bxc6+ Qxc6 22. Nd3 Nd7 23. Bg5 Bxg5 24. Qxg5 h6 25. Qg4 Rg8 26. Nf4 Nf8 27. hxg6 Nxg6 28. Nh5 Ke7 29. Nf6 Rg7 30. Nh5 Rgg8 31. Nf6 Rg7 32. Nh5 Rgg8 1/2-1/2


[Site "https://www.chess.com"]

[Event "Titled Tuesday Blitz June 27 Late 2023"]
[White "Bazzano, Sebastian"]
[Black "Baches Garcia, Guillermo"]
[WhiteFideId "104566"]
[BlackFideId "2209764"]
[WhiteElo "2212"]
[BlackElo "2476"]
[Result "1-0"]
[Round "3"]
[TimeControl "180+2"]
[Date "2023.06.27"]
[WhiteClock "0:00:15"]
[BlackClock "0:00:00"]
[Board "144"]

1. d4 d5 2. Bf4 c5 3. e4 dxe4 4. d5 g6 5. Nc3 Nf6 6. Qe2 Bg7 7. O-O-O O-O 8. f3 exf3 9. Nxf3 Bg4 10. h3 Bxf3 11. Qxf3 Nbd7 12. g4 a6 13. Bg2 Qa5 14. Rhe1 Rfe8 15. d6 e5 16. Bg5 b5 17. Nd5 Qxa2 18. Nxf6+ Nxf6 19. Bxf6 Qa1+ 20. Kd2 Qxb2 21. Bxg7 Kxg7 22. Qxa8 Rxa8 23. Bxa8 Qb4+ 24. Ke2 Qc4+ 25. Kf2 Qf4+ 26. Kg1 f5 27. gxf5 gxf5 28. d7 e4 29. d8=Q 1-0


[Site "https://www.chess.com"]

[Event "Titled Tuesday Blitz June 27 Late 2023"]
[White "Palacio,Igor Da Paz"]
[Black "whiteglovethief"]
[WhiteFideId "2121140"]
[WhiteElo "2210"]
[BlackElo "2469"]
[Result "1-0"]
[Round "3"]
[TimeControl "180+2"]
[Date "2023.06.27"]
[WhiteClock "0:00:05"]
[BlackClock "0:00:02"]
[Board "145"]

1. e4 d5 2. exd5 Qxd5 3. Nc3 Qa5 4. Nf3 Nf6 5. Bc4 Bg4 6. h3 Bxf3 7. Qxf3 c6 8. O-O Nbd7 9. d4 e6 10. Be3 Bb4 11. Bd2 O-O 12. a3 Bxc3 13. Bxc3 Qc7 14. Rad1 b5 15. Bd3 Rfe8 16. b3 e5 17. dxe5 Nxe5 18. Qg3 Rac8 19. Bf5 Rb8 20. f4 Ng6 21. Bxf6 gxf6 22. h4 Qb6+ 23. Kh2 Re3 24. Qg4 Kh8 25. Rd7 Rg8 26. Rxf7 Qc5 27. Rxh7+ Kxh7 28. Qh5+ Kg7 29. Qxg6+ Kf8 30. Qxf6+ Ke8 31. Qe6+ Kf8 32. Qf6+ Ke8 33. Bg6+ Rxg6 34. Qxg6+ Kf8 35. Qf6+ Ke8 36. Qh8+ Kf7 37. Qh7+ Kf8 38. Qh6+ Kf7 39. Rd1 Qf5 40. Qg5 Qe6 41. Rd2 Re1 42. Qh5+ Kg7 43. Qg5+ Kf7 44. h5 Qe3 45. Qg6+ Ke7 46. Qd6+ Kf7 47. Qd7+ Kf8 48. Qd8+ Qe8 49. Rd7 Qxd8 50. Rxd8+ Ke7 51. Ra8 Kd6 52. Rxa7 Re6 53. c4 Rh6 54. Kg3 Rxh5 55. cxb5 Rxb5 56. b4 Rd5 57. Ra5 Rd3+ 58. Kg4 Rd1 59. g3 Rf1 60. Kg5 Kc7 61. g4 Kb6 62. f5 Rf2 63. f6 Rg2 64. f7 Rf2 65. Kg6 Kc7 66. g5 Kd6 67. Kg7 Ke7 68. Ra7+ Ke6 69. f8=Q Rxf8 70. Kxf8 1-0


[Site "https://www.chess.com"]

[Event "Titled Tuesday Blitz June 27 Late 2023"]
[White "Kielinkei"]
[Black "Gardezi, Arsal"]
[BlackFideId "30949521"]
[WhiteElo "2464"]
[BlackElo "2183"]
[Result "1-0"]
[Round "3"]
[TimeControl "180+2"]
[Date "2023.06.27"]
[WhiteClock "0:00:35"]
[BlackClock "0:00:40"]
[Board "146"]

1. d4 Nf6 2. Bg5 Ne4 3. h4 d5 4. Nd2 Nxg5 5. hxg5 g6 6. e3 Bg7 7. Ngf3 c5 8. c3 Nc6 9. Be2 Be6 10. Qb3 Qb6 11. Qa3 cxd4 12. exd4 a6 13. Nb3 Bf5 14. O-O O-O 15. Rfe1 e5 16. dxe5 Nxe5 17. Nbd4 Be4 18. Nxe5 Bxe5 19. Rad1 Bf4 20. Bf3 Bxf3 21. Nxf3 Rad8 22. Qb3 Qxb3 23. axb3 h6 24. gxh6 Bxh6 25. Re5 d4 26. Rxd4 Bg7 27. Rxd8 Rxd8 28. Re7 b5 29. Ra7 Rd6 30. Kf1 b4 31. Rc7 bxc3 32. bxc3 Rd3 33. Rc8+ Kh7 34. Ng5+ Kh6 35. Nxf7+ Kh7 36. Ng5+ Kh6 37. Ne4 Rd1+ 38. Ke2 Rb1 39. Nd2 Rb2 40. Kd3 1-0


[Site "https://www.chess.com"]

[Event "Titled Tuesday Blitz June 27 Late 2023"]
[White "Gubajdullin, Alexei"]
[Black "BrandonJiang123456"]
[WhiteFideId "4141202"]
[WhiteElo "2595"]
[BlackElo "2204"]
[Result "1-0"]
[Round "3"]
[TimeControl "180+2"]
[Date "2023.06.27"]
[WhiteClock "0:01:17"]
[BlackClock "0:00:00"]
[Board "147"]

1. Nf3 e6 2. g3 f5 3. Bg2 Nf6 4. O-O d6 5. b3 Be7 6. Bb2 O-O 7. c4 Nc6 8. Nc3 e5 9. d3 Qe8 10. Nd5 Bd8 11. Nxf6+ Bxf6 12. Nd2 Bd7 13. Bc3 a5 14. a3 Qh5 15. b4 f4 16. b5 Nd8 17. Ne4 Bh3 18. b6 cxb6 19. Nxd6 Bxg2 20. Kxg2 Be7 21. Ne4 Ne6 22. f3 Ng5 23. Nxg5 Qxg5 24. g4 Bc5 25. Qe1 h5 26. h4 Qg6 27. g5 Qd6 28. Qd2 Bxa3 29. Bxe5 Qxe5 30. Rxa3 Rfe8 31. Ra2 b5 32. cxb5 b6 33. Rc1 Rf8 34. Qb2 Qd5 35. Rc7 Rf7 36. Rc6 Rf5 37. Kf1 Qxb5 38. Qc1 a4 39. Rac2 a3 40. Rc8+ Rxc8 41. Rxc8+ Kh7 42. Qxa3 Qb1+ 43. Rc1 Qb5 44. Qd6 Qb2 45. Rc6 Qb1+ 46. Kg2 Rf8 47. Rc7 1-0


[Site "https://www.chess.com"]

[Event "Titled Tuesday Blitz June 27 Late 2023"]
[White "Raahul V S"]
[Black "Rodriguez Santiago, Jaime"]
[WhiteFideId "25035525"]
[BlackFideId "3100898"]
[WhiteElo "2594"]
[BlackElo "2299"]
[Result "1-0"]
[Round "3"]
[TimeControl "180+2"]
[Date "2023.06.27"]
[WhiteClock "0:02:25"]
[BlackClock "0:00:11"]
[Board "148"]

1. b3 e5 2. Bb2 d6 3. c4 Nf6 4. d4 Be7 5. dxe5 dxe5 6. Qxd8+ Bxd8 7. Bxe5 O-O 8. Nc3 Re8 9. Nf3 Nc6 10. Bf4 Nh5 11. Bd2 Nb4 12. O-O-O Bf6 13. a3 Bxc3 14. Bxc3 Na2+ 15. Kb2 Nxc3 16. Kxc3 Nf6 17. Nd2 Bg4 18. f3 Bh5 19. e4 Rad8 20. Be2 Bg6 21. Nb1 Nd7 22. h4 h5 23. Rd4 c5 24. Rd5 b6 25. Rhd1 Re7 26. b4 Kf8 27. bxc5 bxc5 28. Rxc5 Ke8 29. Rc7 f5 30. exf5 Bxf5 31. Bd3 Re3 32. Kc2 Bxd3+ 33. Rxd3 Re2+ 34. Rd2 Re7 35. Nc3 1-0


[Site "https://www.chess.com"]

[Event "Titled Tuesday Blitz June 27 Late 2023"]
[White "Palencia Morales, Wilson Guillermo"]
[Black "Gertler, David"]
[WhiteFideId "4401859"]
[BlackFideId "2017377"]
[WhiteElo "2561"]
[BlackElo "2293"]
[Result "1-0"]
[Round "3"]
[TimeControl "180+2"]
[Date "2023.06.27"]
[WhiteClock "0:01:57"]
[BlackClock "0:01:30"]
[Board "149"]

1. d4 Nf6 2. Nf3 c5 3. d5 g6 4. g3 Bg7 5. Bg2 d6 6. O-O O-O 7. c4 b5 8. cxb5 a6 9. bxa6 Bxa6 10. Nc3 Nbd7 11. Re1 Qa5 12. Bd2 Qb6 13. Qc2 Rfc8 14. e4 Ng4 15. Bg5 Kf8 16. Rab1 h6 17. Bf4 Rab8 18. Bh3 Ngf6 19. e5 dxe5 20. Nxe5 1-0


[Site "https://www.chess.com"]

[Event "Titled Tuesday Blitz June 27 Late 2023"]
[White "Bullen, Alex"]
[Black "Bilan, Danila"]
[WhiteFideId "1801627"]
[BlackFideId "24161918"]
[WhiteElo "2290"]
[BlackElo "2506"]
[Result "0-1"]
[Round "3"]
[TimeControl "180+2"]
[Date "2023.06.27"]
[WhiteClock "0:00:03"]
[BlackClock "0:00:10"]
[Board "150"]

1. d4 d5 2. Nf3 Nf6 3. c4 c6 4. Qc2 e6 5. g3 Nbd7 6. Bg2 Bd6 7. O-O O-O 8. Nbd2 e5 9. dxe5 Nxe5 10. cxd5 Nxd5 11. Nxe5 Bxe5 12. Nf3 Bf6 13. Rd1 Qb6 14. Rb1 Re8 15. Bg5 Nb4 16. Qd2 Bxg5 17. Nxg5 h6 18. Ne4 Bf5 19. Nd6 Bxb1 20. Nxe8 Bc2 21. Rc1 Rxe8 22. Rxc2 Nxc2 23. Qxc2 Qa6 24. e3 Qxa2 25. Bf1 Rd8 26. Bc4 Qa1+ 27. Kg2 Qd1 28. Qf5 Qd7 29. Qa5 b5 30. Bb3 c5 31. e4 c4 32. Bc2 Rb8 33. f3 Rd8 34. Kg1 Qd2 35. Qc7 Qe1+ 36. Kg2 Rd2+ 37. Kh3 Qf1+ 38. Kg4 h5+ 39. Kf4 Qh3 40. Qb8+ Kh7 41. e5+ Rxc2 42. Qc8 Qxc8 0-1


[Site "https://www.chess.com"]

[Event "Titled Tuesday Blitz June 27 Late 2023"]
[White "Ward, Ieuan C"]
[Black "Mattheii"]
[WhiteFideId "406627"]
[WhiteElo "2282"]
[BlackElo "2497"]
[Result "0-1"]
[Round "3"]
[TimeControl "180+2"]
[Date "2023.06.27"]
[WhiteClock "0:00:16"]
[BlackClock "0:00:23"]
[Board "151"]

1. d4 Nf6 2. c4 e6 3. Nf3 b6 4. g3 Ba6 5. b3 Bb4+ 6. Bd2 Be7 7. Bg2 c6 8. O-O d5 9. Qc2 O-O 10. cxd5 cxd5 11. Re1 Nbd7 12. Nc3 Rc8 13. Qb2 Bd6 14. Rac1 Qe7 15. Qb1 Ba3 16. Rcd1 Rc7 17. e4 Bb4 18. Qb2 Bxc3 19. Bxc3 Nxe4 20. Rxe4 dxe4 21. Nd2 f5 22. b4 Rfc8 23. Nb1 Bd3 24. Bd2 Nf6 25. Rc1 Nd5 26. Rxc7 Qxc7 27. Na3 f4 28. gxf4 Nxf4 29. Qb3 Qc1+ 0-1


[Site "https://www.chess.com"]

[Event "Titled Tuesday Blitz June 27 Late 2023"]
[White "Vovk, Orest"]
[Black "Kostiukov, Alexandr"]
[WhiteFideId "14113490"]
[BlackFideId "14108100"]
[WhiteElo "2494"]
[BlackElo "2281"]
[Result "1-0"]
[Round "3"]
[TimeControl "180+2"]
[Date "2023.06.27"]
[WhiteClock "0:02:13"]
[BlackClock "0:01:27"]
[Board "152"]

1. g4 e5 2. g5 Qxg5 3. d4 Qe7 4. dxe5 Qxe5 5. Nf3 Qa5+ 6. Nc3 Nf6 7. Rg1 g6 8. Rg5 Qb6 9. Re5+ Be7 10. Bg5 h6 11. Rxe7+ Kxe7 12. Nd5+ Ke6 13. Nxb6 axb6 14. Bxf6 1-0


[Site "https://www.chess.com"]

[Event "Titled Tuesday Blitz June 27 Late 2023"]
[White "Osmak, Yuliia"]
[Black "Vaglio Munoz, Jaime"]
[WhiteFideId "14101602"]
[BlackFideId "6500145"]
[WhiteElo "2477"]
[BlackElo "2276"]
[Result "1-0"]
[Round "3"]
[TimeControl "180+2"]
[Date "2023.06.27"]
[WhiteClock "0:01:04"]
[BlackClock "0:01:24"]
[Board "154"]

1. d4 c6 2. c4 b5 3. c5 d5 4. Nf3 Bf5 5. Bf4 e6 6. e3 Nd7 7. Nbd2 Ngf6 8. Be2 h6 9. h3 Be7 10. O-O O-O 11. a4 a6 12. Nb3 Ne4 13. Ra2 g5 14. Bh2 b4 15. a5 h5 16. Ne5 Nxe5 17. Bxe5 f6 18. Bh2 h4 19. Ra4 Kh7 20. Rxb4 Rg8 21. Rb6 Qd7 22. Qe1 e5 23. dxe5 g4 24. exf6 Bxf6 25. hxg4 Bxg4 26. f3 Bh3 27. fxe4 Rxg2+ 28. Kh1 Rxh2+ 29. Kxh2 Be5+ 30. Kh1 Rg8 31. Qxh4+ Kg7 32. Rg1+ Kf8 33. Rb8+ Bxb8 34. Qf6+ Qf7 35. Qd8+ Qe8 36. Rxg8+ Kxg8 37. Qxe8+ Kg7 38. Qxb8 Be6 39. Qe5+ Kf7 40. exd5 Bxd5+ 41. Qxd5+ cxd5 42. Bxa6 Ke6 43. Bd3 Kd7 44. Nd4 Kc7 45. b4 Kb7 46. b5 Ka7 47. c6 1-0


[Site "https://www.chess.com"]

[Event "Titled Tuesday Blitz June 27 Late 2023"]
[White "Bolanos, Fernando"]
[Black "marik_spb"]
[WhiteFideId "3304094"]
[WhiteElo "2273"]
[BlackElo "2467"]
[Result "1-0"]
[Round "3"]
[TimeControl "180+2"]
[Date "2023.06.27"]
[WhiteClock "0:00:31"]
[BlackClock "0:00:00"]
[Board "155"]

1. e4 c6 2. Nf3 d5 3. Nc3 dxe4 4. Nxe4 Nf6 5. Ng3 h5 6. Bc4 h4 7. Ne2 Bg4 8. Ne5 e6 9. Nxg4 Nxg4 10. h3 Ne5 11. Bb3 Nbd7 12. d4 Ng6 13. Be3 Bd6 14. Qd3 Qf6 15. O-O-O Nf4 16. Qd2 Nxe2+ 17. Qxe2 Nb6 18. c4 Bf4 19. Qg4 Bxe3+ 20. fxe3 O-O-O 21. Rhf1 Qh6 22. Qf4 Qxf4 23. Rxf4 f6 24. Rdf1 a5 25. Rg4 Rd7 26. c5 Nd5 27. Bxd5 exd5 28. Kd2 Re7 29. Rf3 Kd7 30. Kc3 Rhe8 31. Kd3 Rh8 32. Rff4 Ke8 33. Rxh4 Rxh4 34. Rxh4 Kf7 35. Rh8 Kg6 36. Ra8 Kg5 37. g3 g6 38. Rxa5 Rh7 39. Ra7 Rxh3 40. Rxb7 Rxg3 41. a4 Rg1 42. Rb6 Kf5 43. Rxc6 g5 44. Rc8 g4 45. Rg8 Rd1+ 46. Kc2 Ra1 47. b3 Ke4 48. c6 Ra2+ 49. Kc3 Ra1 50. Kb2 Rh1 51. c7 Rh2+ 52. Kc1 Rh1+ 53. Kb2 Rh2+ 54. Ka3 Rc2 55. c8=Q Rxc8 56. Rxc8 Kxe3 57. Rf8 g3 58. Rxf6 Kxd4 59. Rg6 Ke4 60. Rxg3 d4 61. a5 d3 62. Rxd3 Kxd3 63. a6 1-0


[Site "https://www.chess.com"]

[Event "Titled Tuesday Blitz June 27 Late 2023"]
[White "Kisic, Bozidar"]
[Black "Boder, Jan"]
[WhiteFideId "16500350"]
[BlackFideId "16243226"]
[WhiteElo "2451"]
[BlackElo "2267"]
[Result "1/2-1/2"]
[Round "3"]
[TimeControl "180+2"]
[Date "2023.06.27"]
[WhiteClock "0:00:20"]
[BlackClock "0:00:07"]
[Board "156"]

1. d4 Nf6 2. Bg5 Ne4 3. h4 d5 4. Nd2 c5 5. Nxe4 dxe4 6. d5 h6 7. Bf4 e6 8. dxe6 Qxd1+ 9. Rxd1 Bxe6 10. e3 Nd7 11. Bb5 O-O-O 12. Ne2 a6 13. Bxd7+ Rxd7 14. Nc3 Rxd1+ 15. Kxd1 f5 16. Ke2 Bc4+ 17. Kd2 Be7 18. Be5 Rd8+ 19. Kc1 g6 20. Bg7 h5 21. g3 b5 22. b3 Bf7 23. Ne2 a5 24. Bc3 b4 25. Be5 a4 26. Nf4 Kb7 27. Rd1 Rxd1+ 28. Kxd1 Kc6 29. Kc1 g5 30. hxg5 Bxg5 31. Ng2 Kd5 32. Bg7 c4 33. Kb2 a3+ 34. Kc1 cxb3 35. cxb3 Kc5 36. Bf8+ Kb5 37. Ne1 Bf6 38. Nc2 h4 39. gxh4 Bxh4 40. Bxb4 Bxf2 41. Bxa3 Kb6 42. Kd2 Bh5 43. Bd6 Kc6 44. Bf4 Kd5 45. Nd4 Bg4 46. Ne2 Bh4 47. Nc3+ Kc5 48. Na4+ Kb4 49. Bd6+ Kb5 50. Nc3+ Kc6 51. Bf4 Be7 52. Ne2 Bb4+ 53. Kd1 Kd5 54. Bg3 Ba5 55. a3 Bc3 56. Be1 Bb2 57. a4 Ba3 58. a5 Bc5 59. Bd2 Kc6 60. b4 Ba7 61. Bc3 Kb5 62. Bd4 Bb8 63. Bc5 Be5 64. Kd2 Bxe2 65. Kxe2 Bc7 66. Kd2 f4 67. exf4 Bxf4+ 68. Kc2 Bc7 69. Kb3 Bxa5 70. bxa5 Kxa5 71. Kc3 Kb5 72. Kd4 Kc6 73. Kxe4 1/2-1/2


[Site "https://www.chess.com"]

[Event "Titled Tuesday Blitz June 27 Late 2023"]
[White "Kohler, Aran"]
[Black "McCormick, Cale"]
[WhiteFideId "1002856"]
[BlackFideId "30911141"]
[WhiteElo "2264"]
[BlackElo "2436"]
[Result "0-1"]
[Round "3"]
[TimeControl "180+2"]
[Date "2023.06.27"]
[WhiteClock "0:00:16"]
[BlackClock "0:01:20"]
[Board "157"]

1. d4 e6 2. c3 d5 3. h4 c5 4. Bg5 Qb6 5. Qb3 cxd4 6. Qxb6 axb6 7. cxd4 Nc6 8. e3 Nb4 9. Kd2 Rxa2 10. Rxa2 Nxa2 11. Bb5+ Bd7 12. Bxd7+ Kxd7 13. Nc3 Bb4 14. Ne2 Nf6 15. Bxf6 gxf6 16. Ra1 Nxc3 17. bxc3 Ba5 18. Rb1 Rc8 19. Kd3 Rc4 20. e4 Kc6 21. exd5+ exd5 22. Rb3 Ra4 23. Nf4 Ra2 24. Ne2 b5 25. g4 Ra1 26. f4 Rh1 27. h5 Rh4 28. Ke3 Rxg4 29. Kf3 Rh4 30. Ng3 Bc7 31. Ne2 Rxh5 32. Rb1 Rh3+ 33. Kg2 Rd3 34. Kh1 Re3 35. Rb2 Rf3 36. Kg2 Rd3 37. Rb1 h5 38. Rh1 Ba5 39. Rxh5 Bxc3 40. Rf5 Bxd4 41. Rxf6+ Bxf6 0-1


[Site "https://www.chess.com"]